 Dungeon Crawl Stone Soup version 0.20-a0-939-g04f5055 (webtiles) character file.

63 Gorglomux the Digger (level 4, -6/30 HPs)
             Began as a Barachi Earth Elementalist on Mar 30, 2017.
             Mangled by a kobold
             ... wielding a +0 whip
              (8 damage)
             ... on level 1 of the Dungeon.
             The game lasted 00:04:50 (2162 turns).

Gorglomux the Digger (Barachi Earth Elementalist)   Turns: 2162, Time: 00:04:51

Health: -6/30      AC:  2    Str: 10    XL:     4   Next: 9%
Magic:  0/9        EV: 12    Int: 16    God:
Gold:   22         SH:  0    Dex: 12    Spells: 5/9 levels left

rFire    . . .     SeeInvis .   k - +0 whip
rCold    . . .     Gourm    .   (no shield)
rNeg     . . .     Faith    .   c - +0 robe
rPois    .         Spirit   .   (no helmet)
rElec    .         Reflect  .   (no cloak)
rCorr    .         Harm     .   (no gloves)
MR       .....                  (no boots)
Stlth    ++........             (no amulet)
Regen    0.1/turn               (no ring)
MPRegen  0.2/turn               (no ring)

@: can't hop, very slightly contaminated, slow
A: +LOS, swims, slowness 1, strong legs 1
a: Hop


You were on level 1 of the Dungeon.
You were not hungry.

You visited 1 branch of the dungeon, and saw 2 of its levels.

You collected 22 gold pieces.

Inventory:

Hand Weapons
 f - a +0 club
   (You took it off a goblin on level 1 of the Dungeon)
 k - a +0 whip (weapon)
   (You found it on level 1 of the Dungeon)
Missiles
 b - 39 stones (quivered)
Armour
 c - a +0 robe (worn)
Jewellery
 g - an uncursed ring of protection from fire {unknown}
   (You took it off a goblin on level 1 of the Dungeon)
 h - an uncursed ring of fire {rF+, rC-}
   (You found it on level 1 of the Dungeon)
Scrolls
 i - 2 scrolls of blinking {unknown}
 j - a scroll of magic mapping {unknown}
Potions
 l - a potion of ambrosia {unknown}
 m - a potion of curing {unknown}
Books
 e - a book of Geomancy
Comestibles
 d - a bread ration {@e1@e1}


   Skills:
 - Level 2.1 Dodging
 - Level 1.7 Stealth
 + Level 3.3 Spellcasting
   Level 1.1 Transmutations
 * Level 4.0 Earth Magic


You had 5 spell levels left.
You knew the following spells:

 Your Spells              Type           Power        Failure   Level  Hunger
a - Sandblast             Erth           ###...       4%          1    None
x - Stone Arrow           Conj/Erth      #.....       28%         3    ###....


Dungeon Overview and Level Annotations

Branches:
Dungeon (2/15)

Altars:


Innate Abilities, Weirdness & Mutations

Shadows flee at your approach. (+LOS)
You can swim through water.
You cover ground slowly.
You can hop short distances.


Message History

b - 42 stones You now have 3/7 mp.
You can't see any susceptible monsters within range! (Use Z to cast anyway.)
Aim: a gnoll, wielding a club The stone arrow hits the gnoll.
You now have 0/7 mp.
You climb upwards.
There is a stone staircase leading down here.
You start resting.
MP restored: 7 You see here a club.
There is a stone staircase leading down here.
You may need something to eat soon, looking for food.
Can't find anything matching that.
Okay, then.
You climb downwards.
There is a stone staircase leading up here.
A frilled lizard comes into view.
You are feeling very hungry.
The frilled lizard hisses angrily.
The frilled lizard barely misses you. The frilled lizard misses you.
You hit the frilled lizard.
You kill the frilled lizard!
You see here a frilled lizard corpse.
You butcher the frilled lizard corpse.
a - a chunk of flesh {@w0@w0} You see here a frilled lizard skeleton.
An adder and 2 kobolds come into view.
The kobold shouts!
The adder hisses angrily.
The adder moves out of view.
Eat a chunk of flesh {@w0@w0}? (ye/n/q)
You eat the chunk of flesh {@w0@w0}.
Aim: an adder You miscast Stone Arrow.
You are very lightly contaminated with residual magic.
Your skin glows momentarily.
The adder closely misses you.
You now have 4/7 mp.
Aim: an adder The stone arrow misses the adder.
The adder bites you. x2
You are poisoned.
The adder poisons you!
You take 5 damage, and have 19/24 hp.
MASSIVE DAMAGE!!
You now have 1/7 mp.
Aim: an adder The blast of sand hits the adder.
b - 41 stones You feel sick.
The adder bites you. The kobold hits you with a short sword.
You take 3 damage, and have 16/24 hp.
You now have 0/7 mp.
You see here a frilled lizard skeleton.
You miss the adder. The adder barely misses you.
The adder bites you but does no damage.
You closely miss the adder.
You feel sick. The adder barely misses you.
You take 1 damage, and have 15/24 hp.
You closely miss the adder. The adder bites you. The adder closely misses you.
You take 2 damage, and have 13/24 hp.
You miss the adder. The adder misses you.
Hop to where?
Boing!
You feel sick.
You take 1 damage, and have 12/24 hp.
Aim: an adder (heavily wounded)
The blast of sand hits the adder.
You kill the adder!
Your Earth Magic skill increases to level 4!
You have reached level 4!
You feel stronger.
b - 40 stones You regained 4 hp, and now have 16/30 hp.
You now have 0/9 mp.
An adder comes into view.
You feel sick.
You are no longer poisoned.
The adder hisses angrily.
The kobold hits you but does no damage.
You see here an adder corpse.
You take 1 damage, and have 15/30 hp.
You hit the kobold.
You kill the kobold!
The kobold hits you with a whip.
You take 3 damage, and have 12/30 hp.
The kobold hits you with a whip.
* * * LOW HITPOINT WARNING * * *
There is a stone staircase leading up here.
You take 4 damage, and have 9/30 hp.
The kobold hits you with a whip.
* * * LOW HITPOINT WARNING * * *
You climb upwards.
There is a stone staircase leading down here.
You take 3 damage, and have 6/30 hp.
Unknown command.
Aim: a kobold, wielding a whip The blast of sand misses the kobold.
b - 39 stones The kobold hits you with a whip.
* * * LOW HITPOINT WARNING * * *
You take 4 damage, and have 2/30 hp.
You now have 0/9 mp.
Unknown command.
You hit the kobold but do no damage. The kobold hits you with a whip!
You die...

#######.# ##.......#
#.# #.......# #.#
#.......# ###### #.#
#.......# #....# #.#
##..##### #....# ###
#.# #..# #....# ).#
#.# #..##### #....#
#.# #.#####
##.....####....### ..#
#.....#
#@K...........'.# ..#
#####.#
##....####....#.# .)#
#.#####)...####.####.#
..# #.##.##.........#
#.# ..#
#....##....####.####.#
..# ####.###.###
#......# ..# #.# #.#
######## ..# #.# #.#
..# #.# #)#


You could see a kobold.

Vanquished Creatures
  An adder (D:2)
  A gnoll (D:2)
  3 dart slugs (D:1)
  2 bats
  3 giant cockroaches (D:1)
  6 goblins (D:1)
  5 hobgoblins (D:1)
  3 jackals (D:1)
  2 ball pythons (D:1)
  3 frilled lizards
  4 kobolds
  4 rats (D:1)
37 creatures vanquished.

Notes
Turn   | Place    | Note
-------+----------+-------------------------------------------
     0 | D:1      | Gorglomux the Barachi Earth Elementalist began the quest for the Orb.
     0 | D:1      | Reached XP level 1. HP: 13/13 MP: 3/3
     0 | D:1      | Gorglomux: !lg baee
     0 | D:1      | beem: No games for baee.
     0 | D:1      | Gorglomux: !lg * baee
     0 | D:1      | beem: 79. Tasonir the Geomancer (L10 BaEE), mangled by a two-headed ogre (a +0 giant spiked club) on D:7 on 2017-03-30 04:40:20, with 3684 points after 9005 turns and 0:32:15.
     0 | D:1      | Gorglomux: !lg * baee -2
     0 | D:1      | beem: 78/79. Raine357 the Fighter (L12 BaEE of Cheibriados), blasted by an oklob plant (splash of acid) (kmap: dpeg_oklob_gauntlet) on Lair:2 on 2017-03-29 18:25:19, with 19191 points after 15788 turns and 0:53:59.
     0 | D:1      | Gorglomux: !lg * baee -3
     0 | D:1      | beem: 77/79. Gorglomux the Digger (L5 BaEE), mangled by Grinder on D:3 on 2017-03-29 18:19:31, with 185 points after 4219 turns and 0:14:27.
     0 | D:1      | Gorglomux: !lg * baee -4
     0 | D:1      | beem: 76/79. Gorglomux the Gelid (L19 BaEE of Ashenzari), mangled by a skeletal warrior (a +0 glaive) (led by a skeletal warrior) on D:13 (grunt_vaults_entry_tiered) on 2017-03-29 18:01:43, with 249966 points after 51427 turns and 4:20:30.
     0 | D:1      | Gorglomux: !lm * baee
     0 | D:1      | beem: 587. [2017-03-30 20:15:42] Gorglomux the Digger (L1 BaEE) began the quest for the Orb on turn 0. (D:1)
     0 | D:1      | Gorglomux: !lm * baee -2
     0 | D:1      | beem: 586/587. [2017-03-30 04:26:10] Tasonir the Digger (L8 BaEE) entered the Ecumenical Temple on turn 5747. (D:6)
   121 | D:1      | HP: 3/13 [goblin/club (1)]
   386 | D:1      | Reached XP level 2. HP: 19/19 MP: 0/5
   714 | D:1      | Reached skill level 3 in Spellcasting
   888 | D:1      | Reached XP level 3. HP: 23/24 MP: 7/7
   928 | D:1      | Learned a level 3 spell: Stone Arrow
  2150 | D:2      | Reached skill level 4 in Earth Magic
  2150 | D:2      | Reached XP level 4. HP: 16/30 MP: 0/9
  2159 | D:2      | HP: 6/30 [kobold/whip (3)]
  2161 | D:1      | HP: 2/30 [kobold/whip (4)]
  2162 | D:1      | Mangled by a kobold

Vault maps used:
D:1:      evilmike_arrival_fibonacci_small
D:2:      minmay_diamond_boxcup, first_bread

Skill      XL: |  1  2  3 |
---------------+----------+-----
Spellcasting   | 3 |  3.3
Earth Magic    | 4 |  4.0
Dodging        | |  2.1
Stealth        | |  1.7
Transmutations | |  1.1

Action                   |  1- 3 |  4- 6 || total
-------------------------+-------+-------++-------
Melee: Unarmed           |    30 |       ||    30
       Club              |    34 |       ||    34
       Whip              |    72 |     2 ||    74
Throw: Stone             |     3 |       ||     3
 Cast: Sandblast         |    12 |     2 ||    14
       Stone Arrow       |    11 |       ||    11
 Abil: Hop               |     2 |       ||     2
  Use: Scroll            |     1 |       ||     1
 Stab: Sleeping          |     2 |       ||     2
  Eat: Chunk             |     6 |       ||     6
Armor: Robe              |    27 |       ||    27
Dodge: Dodged            |   116 |       ||   116

Vault maps used:
D:1:      evilmike_arrival_fibonacci_small
D:2:      minmay_diamond_boxcup, first_bread

Table legend:
 A = Turns spent in this place as a percentage of turns spent in the entire game.
 B = Non-inter-level travel turns spent in this place as a percentage of non-inter-level travel turns spent in the entire game.
 C = Inter-level travel turns spent in this place as a percentage of turns spent in this place.
 D = Turns resting spent in this place as a percentage of non-inter-level travel turns spent in this place.
 E = Turns spent auto-exploring this place as a percentage of non-inter-level travel turns spent in this place.
 F = Non-inter-level travel turns spent in this place divided by the number of levels of this place that you've seen.
                   A       B       C       D       E      F
               +-------+-------+-------+-------+-------+----------------------
         Total | 100.0 | 100.0 |   0.4 |   7.2 |   5.1 | 277.0
       Dungeon | 100.0 | 100.0 |   0.4 |   7.2 |   5.1 | 277.0
               +-------+-------+-------+-------+-------+----------------------

Table legend:
 A = Kills in this place as a percentage of kills in entire the game.
 B = Kills by you in this place as a percentage of kills by you in the entire game.
 C = Kills by friends in this place as a percentage of kills by friends in the entire game.
 D = Other kills in this place as a percentage of other kills in the entire game.
 E = Experience gained in this place as a percentage of experience gained in the entire game.
 F = Experience gained in this place divided by the number of levels of this place that you have seen.
                   A       B       C       D       E      F
               +-------+-------+-------+-------+-------+----------------------
         Total | 100.0 | 100.0 |  -nan |  -nan | 100.0 |  45.0
       Dungeon | 100.0 | 100.0 |  -nan |  -nan | 100.0 |  45.0
               +-------+-------+-------+-------+-------+----------------------
